 Dungeon Crawl Stone Soup version 0.23.0-28-g6fe0f4dc8b (webtiles) character file.

Game seed: 2793166736497052249

314 Peloso the Slasher (level 6, -6/55 HPs)
             Began as a Minotaur Fighter on Feb 26, 2019.
             Killed by divine providence
             ... invoked by an orc priest
              (13 damage)
             ... on level 4 of the Dungeon.
             The game lasted 00:04:10 (2553 turns).

Peloso the Slasher (Minotaur Fighter)               Turns: 2553, Time: 00:04:11

Health: -6/55      AC:  9    Str: 21    XL:     6   Next: 19%
Magic:  5/5        EV:  7    Int:  5    God:
Gold:   130        SH:  0    Dex: 11    Spells: 5/5 levels left

rFire    . . .     SeeInvis .   a - +0 long sword
rCold    . . .     Gourm    .   c - +0 shield
rNeg     . . .     Faith    .   n - +0 chain mail
rPois    .         Spirit   .   (helmet restricted)
rElec    .         Reflect  .   (no cloak)
rCorr    .         Harm     .   (no gloves)
MR       .....                  (no boots)
Stlth    ..........             (no amulet)
HPRegen  0.18/turn              j - +1 ring of evasion
MPRegen  0.09/turn              (no ring)

@: confused
A: retaliatory headbutt, horns 2
a: no special abilities


You were on level 4 of the Dungeon.
You were not hungry.

You visited 1 branch of the dungeon, and saw 4 of its levels.

You collected 130 gold pieces.

Inventory:

Hand Weapons
 a - a +0 long sword (weapon)
Armour
 b - a +0 scale mail
 c - a +0 shield (worn)
 n - a +0 chain mail (worn)
Jewellery
 j - a +1 ring of evasion (left hand)
Wands
 d - a wand of enslavement (7)
 p - a wand of flame (15)
Scrolls
 k - a scroll of amnesia
Potions
 e - 2 potions of lignification {unknown}
 g - a potion of magic {unknown}
 h - 2 potions of brilliance {unknown}
 i - 2 potions of cancellation {unknown}
 l - 2 potions of flight {unknown}
 q - a potion of haste {unknown}
 r - a potion of curing {unknown}
 s - a potion of heal wounds {unknown}
Comestibles
 f - 9 rations
 t - 2 chunks of flesh


   Skills:
 + Level 4.8 Fighting
 + Level 5.4 Long Blades
 + Level 5.0 Armour
 + Level 0.3 Dodging
 + Level 4.8 Shields


You had 5 spell levels left.
You didn't know any spells.
Your spell library was empty.

Dungeon Overview and Level Annotations

Branches:
Dungeon (4/15)
 Temple: D:4-7

Altars:
Gozag

Annotations:
D:4 Grinder


Innate Abilities, Weirdness & Mutations

You reflexively headbutt those who attack you in melee.
You have a pair of horns on your head.


Message History

An orc comes into view.
Something hits you.
* * * LOW HITPOINT WARNING * * *
You block the hound's attack.
The orc shouts!
You hear some strange, mumbled words.
A puff of flame appears from out of thin air!
The puff of flame hits you.
* * * LOW HITPOINT WARNING * * *
You hear some strange, mumbled words.
You are confused.
The hound bites you but does no damage.
Unknown command.
You bump into the rock wall.
The hound bites you but does no damage.
Grinder blinks!
The hound bites you.
* * * LOW HITPOINT WARNING * * *
There is a stone staircase leading up here.
The hound bites you but does no damage.
The orc priest calls down the wrath of Beogh upon you.
Beogh smites you!
You die...

#.## #....[.# .#
#..# #......#
....###.####
#......#
#........###......#
#####.##..........#
#.#######..#####..
#.## ####........
#..####....#####..
##...@h.####
###..o.S.###
##...o..(# o
######oo## h..
#.o(###.o...
###.ยง....%5.
#.........
#.###..... ..# ....


You could see a hound, an orc priest, an adder and 4 orcs.

Vanquished Creatures
  A bullfrog skeleton (D:3)
  2 orc priests
  An orc wizard (D:3)
  Jessica (D:3)
  Terence (D:3)
  Ijyb (D:3)
  Robin (D:3)
  2 adders (D:2)
  An ooze (D:1)
  An adder skeleton (D:4)
  3 worms (D:2)
  3 dart slugs (D:1)
  A leopard gecko (D:1)
  8 orcs
  3 ball pythons
  2 giant cockroaches
  15 goblins
  6 hobgoblins
  3 bats
  4 frilled lizards
  A jackal skeleton (D:4)
  3 kobolds
  4 rats
68 creatures vanquished.

Notes
Turn   | Place    | Note
-------+----------+-------------------------------------------
     0 | D:1      | Peloso the Minotaur Fighter began the quest for the Orb.
     0 | D:1      | Reached XP level 1. HP: 19/19 MP: 0/0
   130 | D:1      | Reached XP level 2. HP: 18/27 MP: 1/1
   632 | D:1      | Found an opulent altar of Gozag.
   784 | D:2      | Reached XP level 3. HP: 29/33 MP: 2/2
   854 | D:2      | Reached XP level 4. HP: 26/40 MP: 3/3
  1416 | D:3      | Noticed Robin
  1546 | D:3      | Reached XP level 5. HP: 40/46 MP: 4/4
  1609 | D:3      | Killed Robin
  1685 | D:3      | Noticed Ijyb
  1690 | D:3      | Killed Ijyb
  1932 | D:3      | Noticed Terence
  1937 | D:3      | Killed Terence
  1937 | D:3      | Reached skill level 5 in Long Blades
  2368 | D:3      | Noticed Jessica
  2372 | D:3      | Killed Jessica
  2372 | D:3      | Reached XP level 6. HP: 53/53 MP: 5/5
  2534 | D:4      | Reached skill level 5 in Armour
  2544 | D:4      | Noticed Grinder
  2553 | D:4      | Killed from afar by an orc priest

Skill      XL: |  1  2  3  4  5  6 |
---------------+-------------------+-----
Armour         | 4 5 |  5.0
Fighting       | 4 |  4.8
Shields        | 4 |  4.8
Long Blades    | 3 5 |  5.4
Dodging        | |  0.3

Action                   |  1- 3 |  4- 6 || total
-------------------------+-------+-------++-------
Melee: Long sword        |    47 |   127 ||   174
       Headbutt          |     9 |    23 ||    32
  Use: Scroll            |     2 |     2 ||     4
       Potion            |       |     1 ||     1
  Eat: Chunk             |       |     5 ||     5
Armor: Scale mail        |    16 |     5 ||    21
       Chain mail        |       |    73 ||    73
Dodge: Dodged            |    11 |    45 ||    56
Block: Shield            |    25 |    88 ||   113
       Rpst.: Long sword |     4 |     8 ||    12
